Cogmind - Beta 16.1 @@@ ROGUE MODE // 2026.04.12 @ 13:21:56 Player: zacyquack Result: Destroyed by H-61 Shepherd with Heavy Assault Cannon Performance ------------- Evolutions (2) 1000 Regions Visited (5) 1000 Robots Destroyed (84) 420 Value Destroyed (2571) 2571 Prototype IDs (43) 860 Alien Tech Used (0) 0 Bonus (342) 342 TOTAL SCORE: 6193 Bonus ------- Follower Combat Kills 42 Aligned with FarCom 300 Cogmind --------- Core Integrity 0/550 Matter 290/300 Energy 160/160 System Corruption 0% Temperature Cool (26) Movement Treading (250) Ox1 Location -8/Materials Parts ------- > --- POWER (1) -------- Light Nuclear Core > --- PROPULSION (3) --- Armored Treads Improved Flight Unit > --- UTILITY (5) ------ Large Storage Unit Advanced Visual Processing Unit Improved Targeting Computer Hacking Suite > --- WEAPON (2) ------- Advanced Beam Rifle Beamcaster > --- INVENTORY (15) --- Improved VTOL Module Improved VTOL Module Improved VTOL Module Improved VTOL Module Superbattery (1500) Melee Analysis Suite Launcher Guidance Computer Reaction Control System Improved Propulsion Shielding Hacking Suite Advanced Beam Rifle Mini Grenade Launcher Improved Datajack Katana Peak State ------------ > --- POWER ------------ Light Nuclear Core > --- PROPULSION ------- Armored Treads Armored Treads Improved VTOL Module > --- UTILITY ---------- Large Storage Unit Advanced Visual Processing Unit Improved Targeting Computer Utility Shielding Hacking Suite > --- WEAPON ----------- Beamcaster Enhanced Autogun > --- INVENTORY -------- Improved Flight Unit Improved VTOL Module Improved VTOL Module Improved VTOL Module Superbattery Melee Analysis Suite Launcher Guidance Computer Reaction Control System Improved Propulsion Shielding Hacking Suite Advanced Beam Rifle Advanced Beam Rifle Mini Grenade Launcher Improved Datajack Katana [Rating: 37] Favorites ----------- Power Improved Ion Engine Engine Improved Ion Engine Power Core Light Nuclear Core Propulsion Light Treads Treads Light Treads Hover Unit Aerolev Unit Flight Unit Improved Flight Unit Utility Large Storage Unit Device Experimental Sensor Array Storage Large Storage Unit Processor Advanced Visual Processing Unit Hackware Hacking Suite Protection Utility Shielding Weapon Autogun Energy Gun Beamcaster Ballistic Gun Autogun Ballistic Cannon Assault Cannon Launcher Grenade Launcher Special Melee Weapon Datajack Build | -11 -10 -10 -10 -9 -8 ------- Run | Yrd Mat Min Exi Min Mat Slots Evolved 4 | . . . . . 4 Power . | . . . . . . Propulsion 1 | . . . . . 1 Utility 3 | . . . . . 3 Weapon . | . . . . . . Parts Attached 66 | 6 4 8 1 . 47 Power 11 | 1 . 1 . . 9 Engine 6 | 1 . 1 . . 4 Core 5 | . . . . . 5 Reactor . | . . . . . . Propulsion 18 | 2 . 2 . . 14 Treads 14 | 2 . 2 . . 10 Leg . | . . . . . . Wheel . | . . . . . . Hover 1 | . . . . . 1 Flight 3 | . . . . . 3 Utility 17 | 1 2 2 . . 12 Device 3 | . . 1 . . 2 Storage 3 | 1 2 . . . . Processor 5 | . . . . . 5 Hackware 1 | . . . . . 1 Protection 5 | . . 1 . . 4 Artifact . | . . . . . . Weapon 20 | 2 2 3 1 . 12 Energy Gun 4 | . . . . . 4 Energy Cannon . | . . . . . . Ballistic Gun 11 | 2 2 2 . . 5 Ballistic Cannon 3 | . . . . . 3 Launcher 1 | . . 1 . . . Special Weapon . | . . . . . . Impact Weapon . | . . . . . . Slashing Weapon . | . . . . . . Piercing Weapon . | . . . . . . Special Melee Weapon 1 | . . . 1 . . Unidentified Prototypes 9 | . . 1 . . 8 Parts Lost 18 | . . . . . 18 Power 3 | . . . . . 3 Propulsion 4 | . . . . . 4 Utility 7 | . . . . . 7 Weapon 4 | . . . . . 4 Highest Loss Streak 3 | . . . . . 3 To Critical Strikes . | . . . . . . Average Backups 13 | 2 7 13 15 15 14 Power . | 1 1 1 1 1 . Propulsion . | . . . . . 1 Utility 6 | . 2 7 10 10 7 Weapon 4 | 1 4 3 4 4 4 Tool/Special . | . . . . . . Unused Backups 32 | . 1 7 . . 24 Power 2 | . . 2 . . . Propulsion 8 | . . . . . 8 Utility 11 | . . 2 . . 9 Weapon 10 | . 1 3 . . 6 Tool/Special 1 | . . . . . 1 Average Slot Usage (%) 97 | . 96 100 100 100 96 Engine 8 | . 14 14 14 14 5 Core 2 | . . . . . 3 Treads 25 | . 28 28 28 28 23 Flight 1 | . . . . . 2 Device 2 | . . 3 14 14 1 Storage 14 | . 24 23 14 14 9 Processor 8 | . . . . . 13 Hackware 5 | . . . . . 8 Protection 6 | . . . . . 10 Energy Gun 1 | . . . . . 3 Ballistic Gun 15 | . 28 22 14 14 9 Ballistic Cannon 2 | . . . . . 4 Special Melee Weapon 1 | . . . 14 14 . Peak Build Rating 37 | 6 10 21 22 22 37 Average Rating 23 | 4 9 14 21 22 29 On Entrance 13 | . 6 10 21 22 22 Avg Prop Armor Cover (%) 1 | . . 10 . . 1 Naked Turns . | . . . . . . Heaviest Build 43 | 12 33 36 32 32 43 Greatest Support 65 | 40 40 40 40 40 65 Greatest Overweight (x) 6 | 1 . 1 . . 6 Average Overweight (x) . | . . . . . . Largest Inventory Capacity 15 | 8 15 15 15 15 15 Average Capacity 14 | 7 14 15 15 15 15 Most Carried 15 | 7 11 15 15 15 15 Average Carried 13 | 2 7 13 14 15 14 Final Capacity 15 | 8 15 15 15 15 15 Final Carried 15 | 2 11 15 15 15 14 Class Distribution -------------------- 59% | Mutant 32% | Scavenger-Mutant 5% | Scavenger-Skirmisher Dominant Class ---------------- Mutant | -10/Materials Mutant | -10/Mines Mutant | -10/Exiles Assassin | -9/Mines Scavenger-Mutant | -8/Materials Resources | -11 -10 -10 -10 -9 -8 ----------- Run | Yrd Mat Min Exi Min Mat Matter Collected 3068 | 266 498 250 10 . 2044 Remotely . | . . . . . . Salvage Created 2818 | 97 550 163 . . 2008 Parts 167 | 3 32 8 . . 124 Haulers Intercepted 7 | . 2 . . . 5 Recyclers Shooed . | . . . . . . Parts Field Recycled . | . . . . . . Retrieved Matter . | . . . . . . Parts Self-Destructed . | . . . . . . Prevented . | . . . . . . Parts Restored . | . . . . . . Kills | -11 -10 -10 -10 -9 -8 ------- Run | Yrd Mat Min Exi Min Mat Combat Hostiles Destroyed 63 | . 8 8 . . 47 Guns 40 | . 8 3 . . 29 Cannons 18 | . . . . . 18 AOE 5 | . . 5 . . . Classes Destroyed 13 | 1 6 1 . . 5 Worker 3 | . 2 . . . 1 Builder 2 | . . . . . 2 Tunneler 3 | . 1 1 . . 1 Hauler 7 | . 2 . . . 5 Recycler 2 | 1 . 1 . . . Operator 4 | . 1 . . . 3 Watcher 7 | . 3 . . . 4 Swarmer 11 | . . . . . 11 Grunt 35 | . 8 1 . . 26 Duelist 1 | . . . . . 1 Sentry 7 | . . . . . 7 Hunter 2 | . . . . . 2 Assembled 7 | . . 7 . . . Best Kill Streak 7 | 1 4 7 . . 5 Combat Bots Only 7 | . 3 7 . . 4 Max Kills in Single Turn 3 | 1 1 3 . . 1 Gunslinging . | . . . . . . Exploded 2 | . . 2 . . . Melee . | . . . . . . Uniques/NPCs Destroyed . | . . . . . . Combat | -11 -10 -10 -10 -9 -8 -------- Run | Yrd Mat Min Exi Min Mat Hostile Shots Fired 433 | . 46 35 . . 352 Missed 116 | . 15 10 . . 91 Hits 317 | . 31 25 . . 261 Melee 6 | . . 3 . . 3 Projectile 311 | . 31 22 . . 258 Critical Strikes 11 | . . . . . 11 Part Disruptions 1 | . . 1 . . . Damage Taken 4891 | . 398 378 . . 4115 Core 713 | . 103 25 . . 585 Absorbed by Shields . | . . . . . . Redirected to Shielding 70 | . . . . . 70 Regen/Repaired (Parts) 82 | . . . . . 82 Core Remaining (%) 74 | 100 . . . 48 . Volleys Fired 261 | 3 46 13 . . 199 Largest 2 | 2 2 2 . . 2 Hottest 103 | 40 46 55 . . 103 Shots Fired 517 | 6 92 26 . . 393 Gun 385 | 6 92 20 . . 267 Cannon 126 | . . . . . 126 Launcher 6 | . . 6 . . . Special . | . . . . . . Kinetic 456 | 6 92 20 . . 338 Thermal 55 | . . . . . 55 Explosive 6 | . . 6 . . . Electromagnetic . | . . . . . . Robot Hit Streak 20 | 3 5 6 . . 20 Robot Miss Streak 5 | 2 4 1 . . 5 Penetration Max . | . . . . . . Secondary Targets 5 | . 1 . . . 4 Max Gunslinging Chain 1 | . 1 . . . 1 Shots Hit Robots 325 | 3 57 13 4 . 248 Core Hits 149 | 2 23 16 . . 108 Critical Kills . | . . . . . . Critical Parts Destroyed . | . . . . . . Critical Strikes 10 | . . . . . 10 Burn 2 | . . . . . 2 Blast 8 | . . . . . 8 Melee Attacks 4 | . . . 4 . . Impact . | . . . . . . Slashing . | . . . . . . Piercing . | . . . . . . Sneak Attacks 4 | . . . 4 . . Combat Hostiles . | . . . . . . Follow-up Attacks . | . . . . . . Damage Inflicted 6529 | 24 855 541 . . 5109 Guns 4202 | 24 840 247 . . 3091 Cannons 1980 | . . . . . 1980 Explosions 282 | . . 282 . . . Melee . | . . . . . . Ramming 65 | . 15 12 . . 38 Kinetic 5477 | 24 840 247 . . 4366 Thermal 705 | . . . . . 705 Explosive 282 | . . 282 . . . Electromagnetic . | . . . . . . Impact . | . . . . . . Slashing . | . . . . . . Piercing . | . . . . . . Highest Corruption . | . . . . . . Average Corruption . | . . . . . . Corruption Purged . | . . . . . . Corruption Blocked . | . . . . . . Overload Shots . | . . . . . . Overflow Damage 9 | . . 3 . . 6 Projectiles 6 | . . . . . 6 Explosions 3 | . . 3 . . . Melee . | . . . . . . Knockbacks 27 | . . . . . 27 Impact . | . . . . . . Kinetic 23 | . . . . . 23 Secondary 4 | . . . . . 4 Self-Inflicted Damage 38 | . . 38 . . . Shots 2 | . . 2 . . . Rammed 7 | . 3 2 . . 2 Targets Rammed 11 | . 3 3 . . 5 Kicked . | . . . . . . Crushed 4 | . . 1 . . 3 Highest Temperature 413 | . 57 30 . . 413 Average Temperature 74 | . 14 10 . . 87 Received Heat Transfer 2085 | . 219 93 . . 1773 Effects 2 | . . . . . 2 Matter Decay 2 | . . . . . 2 Siege Activations . | . . . . . . Martial Activations . | . . . . . . Shielding Activations . | . . . . . . Robots Disrupted . | . . . . . . Combat Hostiles . | . . . . . . Robots Corrupted . | . . . . . . Combat Hostiles . | . . . . . . Parts Fried . | . . . . . . Impact Corruptions . | . . . . . . Robots Melted . | . . . . . . Combat Hostiles . | . . . . . . Parts Melted 1 | . . . . . 1 Heat Transferred 1406 | . . . . . 1406 Parts Sabotaged . | . . . . . . Parts Stolen . | . . . . . . Parts Stripped . | . . . . . . Power Chain Reactions . | . . . . . . Alert | -11 -10 -10 -10 -9 -8 ------- Run | Yrd Mat Min Exi Min Mat Maximum Alert Level 1 | . . . . . 1 Low Security (%) 88 | 100 100 100 . 100 82 Level 1 11 | . . . . . 17 Level 2 . | . . . . . . Level 3 . | . . . . . . Level 4 . | . . . . . . Level 5 . | . . . . . . High Security . | . . . . . . Max Security . | . . . . . . Peak Influence 355 | 5 148 146 . . 355 Initial . | . . . . . . Average 79 | . 21 24 . . 112 Influence Increases 2086 | 5 310 240 . . 1531 Destroy 0b10 Robot/C 1240 | . 160 140 . . 940 Destroy 0b10 Robot/NC 140 | 5 45 10 . . 80 Destroy Leader 298 | . 50 30 . . 218 Allied During Kill 23 | . . 23 . . . Successful Hack 37 | . 8 . . . 29 Disable Machine 255 | . 45 . . . 210 Destroy Structure 63 | . 2 37 . . 24 Lose Combat Pursuer 30 | . . . . . 30 Influence Decreases 1769 | 5 310 240 . . 1214 Time Decay 966 | 5 182 160 . . 619 Lost Part 155 | . . . . . 155 Lost Ally 80 | . . 80 . . . Purge Threat 568 | . 128 . . . 440 Squads Dispatched 13 | . 3 1 . . 9 Investigation 7 | . 2 1 . . 4 Extermination . | . . . . . . Reinforcement 5 | . 1 . . . 4 Assault . | . . . . . . Garrison 1 | . . . . . 1 Intercept . | . . . . . . Searches Triggered . | . . . . . . Construction Impeded . | . . . . . . Haulers Reinforced . | . . . . . . Active Scanning Responses . | . . . . . . Cargo Convoy Interrupts . | . . . . . . Stealth | -11 -10 -10 -10 -9 -8 --------- Run | Yrd Mat Min Exi Min Mat Distress Signals 2 | . . . . . 2 Communications Jammed . | . . . . . . Distress Signals . | . . . . . . Times Spotted 103 | . 16 21 . . 66 Peak Tracking Total 17 | . 4 17 . . 4 Tactical Retreats 3 | . . 1 . . 2 Traps | -11 -10 -10 -10 -9 -8 ------- Run | Yrd Mat Min Exi Min Mat Traps Triggered 4 | . 1 . . . 3 Indirectly . | . . . . . . Trap Hack Attempts . | . . . . . . Triggered . | . . . . . . Disarmed . | . . . . . . Reprogrammed . | . . . . . . Reused . | . . . . . . Traps Extracted . | . . . . . . Installed . | . . . . . . Triggered . | . . . . . . Machines | -11 -10 -10 -10 -9 -8 ---------- Run | Yrd Mat Min Exi Min Mat Machines Disabled 20 | . 5 1 . . 14 Max in Single Turn 1 | . 1 1 . . 1 Machines Repaired . | . . . . . . Machines Dismantled . | . . . . . . Machines Sabotaged . | . . . . . . Overloaded Fab Kills . | . . . . . . Hacking | -11 -10 -10 -10 -9 -8 --------- Run | Yrd Mat Min Exi Min Mat Machines Accessed 16 | . 5 1 1 . 9 Terminals 11 | . 5 . . . 6 Fabricators . | . . . . . . Repair Stations 2 | . . . . . 2 Recycling Units 1 | . . . . . 1 Scanalyzers . | . . . . . . Garrison Access . | . . . . . . Total Hacks 50 | . 12 1 1 . 36 Successful 26 | . 5 1 1 . 19 Failed 24 | . 7 . . . 17 Catastrophic 5 | . 4 . . . 1 Database Lockouts . | . . . . . . Manual 38 | . 10 . 1 . 27 Terminals 41 | . 12 . . . 29 Fabricators . | . . . . . . Repair Stations 6 | . . . . . 6 Recycling Units 1 | . . . . . 1 Scanalyzers . | . . . . . . Garrison Access . | . . . . . . Terminal Hacks 16 | . 4 1 1 . 10 Part Schematic 1 | . . . . . 1 Open Door 1 | . . 1 . . . Branch Access Points 4 | . 1 . . . 3 Emergency Access Points 1 | . 1 . . . . Alert Level 3 | . 1 . . . 2 Unreport Threat 4 | . 1 . . . 3 Zone Layout 1 | . . . . . 1 Proto ID Catalog 1 | . . . 1 . . Fabricator Hacks . | . . . . . . Repair Station Hacks 6 | . . . . . 6 Scan Component 3 | . . . . . 3 Repair 3 | . . . . . 3 Recycling Unit Hacks 1 | . . . . . 1 Retrieve Components 1 | . . . . . 1 Scanalyzer . | . . . . . . Garrison Access Hacks . | . . . . . . Unauthorized Hacks 3 | . 1 . . . 2 Terminals 3 | . 1 . . . 2 Botnet 1 | . . . . . 1 Operators 2 | . 1 . . . 1 Fabricators . | . . . . . . Repair Stations . | . . . . . . Recycling Units . | . . . . . . Scanalyzers . | . . . . . . Garrison Access . | . . . . . . Data Cores Recovered . | . . . . . . Used . | . . . . . . Hacking Detections 14 | . 5 . . . 9 Full Trace Events 4 | . 1 . . . 3 Feedback Events . | . . . . . . Feedback Blocked . | . . . . . . Robot Schematics Acquired . | . . . . . . Robots Built . | . . . . . . Authchips . | . . . . . . Time . | . . . . . . Total Robot Build Rating . | . . . . . . Part Schematics Acquired 1 | . . . . . 1 Parts Built . | . . . . . . Authchips . | . . . . . . Time . | . . . . . . Total Part Build Rating . | . . . . . . Part Studies Acquired . | . . . . . . Parts Repaired 3 | . . . . . 3 Time 108 | . . . . . 108 Parts Recycled . | . . . . . . Recycled Matter . | . . . . . . Retrieved Matter . | . . . . . . Retrieved Components 1 | . . . . . 1 Parts Scanalyzed . | . . . . . . Part Schematics Acquired . | . . . . . . Parts Damaged . | . . . . . . Bothacking | -11 -10 -10 -10 -9 -8 ------------ Run | Yrd Mat Min Exi Min Mat Used RIF Installer . | . . . . . . Robots Hacked 3 | . . . 3 . . Non-combat 2 | . . . 2 . . Combat 1 | . . . 1 . . Robot Hacks Applied 3 | . . . 3 . . parse_system 3 | . . . 3 . . Relay Couplers Released . | . . . . . . Fabnet Peak Effective % . | . . . . . . Robots Rewired . | . . . . . . Allies Hacked . | . . . . . . Hacks Repelled . | . . . . . . Allies | -11 -10 -10 -10 -9 -8 -------- Run | Yrd Mat Min Exi Min Mat Total Allies 4 | . . 4 . . . Largest Group 4 | . . 4 . . . Highest-Rated Group 71 | . . 71 . . . Highest-Rated Ally 31 | . . 31 . . . Total Orders . | . . . . . . Ally Attacks 29 | . . 29 . . . Total Damage 354 | . . 354 . . . Kills 9 | . . 9 . . . Allies Corrupted . | . . . . . . Allies Melted . | . . . . . . Intel | -11 -10 -10 -10 -9 -8 ------- Run | Yrd Mat Min Exi Min Mat Active Infowar (turns) 3839 | . . 261 377 131 3070 Optics 2676 | . . . . . 2676 Sensors 1163 | . . 261 377 131 394 Robot Analysis Total . | . . . . . . Derelict Logs Recovered 2 | . . 2 . . . Drone Launches . | . . . . . . Drone Recoveries . | . . . . . . Exploration | -11 -10 -10 -10 -9 -8 ------------- Run | Yrd Mat Min Exi Min Mat Turns Passed 6834 | 97 1056 1014 377 133 4157 Spaces Moved 3168 | 58 511 562 231 84 1722 Core 26 | 26 . . . . . Treads 3135 | 32 511 562 231 84 1715 Legs . | . . . . . . Wheels . | . . . . . . Hover . | . . . . . . Flight 7 | . . . . . 7 Fastest Speed 50 | 50 160 160 160 160 152 Average Speed 163 | 132 160 163 160 160 166 Slowest Speed 500 | 160 160 240 160 160 500 Overloaded Moves . | . . . . . . Propulsion Burnouts . | . . . . . . Robots Hopped . | . . . . . . Potential Cave-ins . | . . . . . . Cave-ins Triggered . | . . . . . . Exploration Rate (%) 55 | 4 63 97 63 18 89 Regions Visited 5 Branch Regions 3 Pre-discovered Areas 2 | . . 2 . . . Known Exits Taken 1 | . 1 . . . . Unknown Exits Taken 4 | 1 . 1 1 1 . Scrap Searched 1 | . . 1 . . . Spaces Dug 1 | . . . . . 1 Terrain Destroyed 61 | . . 43 . . 18 Melee . | . . . . . . Projectile 18 | . . . . . 18 AOE 43 | . . 43 . . . Terrain Rammed . | . . . . . . Walls Destroyed . | . . . . . . Machines Disabled . | . . . . . . Actions | -11 -10 -10 -10 -9 -8 --------- Run | Yrd Mat Min Exi Min Mat Total 4375 | 74 675 635 237 83 2671 Wait 711 | . 94 17 . . 600 Move 3163 | 57 510 561 230 83 1722 Hop . | . . . . . . Pick Up 74 | 8 14 16 1 . 35 Fast Attach 29 | . . 1 . . 28 Attach 19 | 6 1 . . . 12 Detach . | . . . . . . Swap 35 | . 3 10 1 . 21 Drop 68 | . 4 14 1 . 49 Fire 261 | 3 46 13 . . 199 Melee 4 | . . . 4 . . Ram . | . . . . . . Kick . | . . . . . . Crush 11 | . 3 3 . . 5 Escape Stasis . | . . . . . . Rewire . | . . . . . . Trap . | . . . . . . Miscellaneous . | . . . . . . Route ------- -11/Scrapyard -10/Materials (discovered 2 exits: [*Mat] / *Min) -10/Mines (discovered 4 exits: [*Mat x2] / *Exi / [*Sub]) -10/Exiles -9/Mines -8/Materials (discovered 3 exits: [*Fac x3]) History --------- Turn | Location | Event 12 | -11/Scrapyard | Discovered new exit (range 14) 98 | -11/Scrapyard | Entered Materials 313 | -10/Materials | Build established: Mutant 335 | -10/Materials | Discovered new exit (range 14) 937 | -10/Materials | Discovered new exit (range 14) 1078 | -10/Materials | Identified exit to Mines 1154 | -10/Materials | Entered Mines 1162 | -10/Mines | Discovered new exit (range 13) 1306 | -10/Mines | Learned location of Zion (-6) 1361 | -10/Mines | Joined a pair of Derelicts in attacking an 0b10 outpost 1483 | -10/Mines | Assisted by bots powering up and referring to "LRC-V3" 1575 | -10/Mines | Found a damaged Exp. Sensor Array with a note attached 1578 | -10/Mines | Found Prototype Device 1596 | -10/Mines | Discovered new exit (range 8) 1603 | -10/Mines | Received a Mining Laser from a helpful Derelict 1731 | -10/Mines | Assembled infested the area 1743 | -10/Mines | Met a Derelict shopkeep closing up shop 1776 | -10/Mines | Core integrity fell below 50% 1798 | -10/Mines | Lost 5 allies 1821 | -10/Mines | Destroyed 7 combat bots 1901 | -10/Mines | Discovered new exit (range 7) 1907 | -10/Mines | Identified Exp. Sensor Array 2160 | -10/Mines | Deemed a non-threat by the Exiles lab entrance 2161 | -10/Mines | Discovered new exit (range 5) 2168 | -10/Mines | Entered Exiles 2208 | -10/Exiles | Met 8R-AWN 2239 | -10/Exiles | Met EX-HEX 2307 | -10/Exiles | Met EX-BIN 2330 | -10/Exiles | Aligned with FarCom system 2331 | -10/Exiles | Given EX-Vault access code 2368 | -10/Exiles | Opened EX-Vault 2378 | -10/Exiles | Found Superbattery 2413 | -10/Exiles | Warned to stay clear of 0b10 Research branches 2457 | -10/Exiles | Met EX-DEC 2529 | -10/Exiles | Discovered new exit (range 11) 2545 | -10/Exiles | Left Exiles lab with Superbattery 2545 | -10/Exiles | Entered Mines 2577 | -9/Mines | Met a Derelict bent on vengeance 2667 | -9/Mines | Discovered new exit (range 6) 2678 | -9/Mines | Entered Materials 2678 | -8/Materials | Evolved 4 slots: Propulsion x1, Utility x3 2970 | -8/Materials | Build established: Scavenger-Skirmisher 3118 | -8/Materials | Lost 3 parts (3u) 3384 | -8/Materials | Build established: Mutant 3980 | -8/Materials | Lost 3 parts (3u) 4229 | -8/Materials | Discovered new exit (range 10) 4562 | -8/Materials | Repaired Utility Shielding 4608 | -8/Materials | Repaired Launcher Guidance Computer 4715 | -8/Materials | Build established: Scavenger-Mutant 5338 | -8/Materials | Discovered new exit (range 15) 5547 | -8/Materials | Core integrity fell below 50% 6430 | -8/Materials | Garrison activated, responded to threat 6465 | -8/Materials | Core integrity fell below 20% 6806 | -8/Materials | Repaired Katana 6823 | -8/Materials | Discovered new exit (range 20) 6835 | -8/Materials | Destroyed by H-61 Shepherd with Heavy Assault Cannon Last Messages --------------- Katana Rating: 3 Time: 38 >>Repair Repairing Katana... ETC: 38 06806_ Repair station completes Katana repairs. 06806_ Acquired Katana. 06815_ R-06 Scavenger collects Flight Unit. 06818_ R-06 Scavenger collects Lgt. Assault Rifle. 06822_ R-06 Scavenger collects Flight Unit. 06823_ EXIT=FOUND 06829_ H-61 Shepherd calls for reinforcements. 06829_ ALERT: Hostile activity reported, dispatching reinforcements to area. 06831_ Gauss Rifle destroyed. 06831_ Arm. Treads destroyed. 06831_ Utility Shielding destroyed. 06831_ Critical hit (Blast). Map ----- +----------------------------------------------------+ | [# #??#+########????????+ +??????????? | | # #??# #????????# #??????????? | | # #??#"" #+#?????## ##??? ????? | | # #??#""" # ####### #? ????? | | ### #??#""" # =# ????? | | ??# #??#""" * + % =%[+ """?????? | | ??# #??#""" # " = #?????????? | | ??# #??# #"T "" #?????????? | | ??# #??# #"" " %%####?????????? | | ### #??# # % #????????????? | | #??########## ###########??? | | #####???????????# " # ! #??? | | ???????????????## " % #! #??? | | ???????????????# " # ! """ #??? | | ???????????????## # """ #??? | | ????????????????# + " " """ #??? | | ????????????????# # "R" """ #??? | | ????????????##### ### r# """ """ #??? | | ????????????# #?## ## #??? | | ????????????#!!]]!!#??# ############??? | | ????????????#!!]]!!#??# #?????????????? | | ????????????########??#t #?????????????? | | ??????????????????????# #?????????????? | | ??????????????????????#%%%#?????????????? | | ??????????????????????# #?????????????? | | ??????????????????????# @#?????????????? | | ??????????????????????# #?????????????? | | ??????????????????????# #?????????????? | | ??????????????????????# #?????????????? | | ########??????????????# #?????????????? | | # #??????????????+ +?????????????? | | + = #??????????????# #?????????????? | | # #??????????????# #?????????????? | | # #??????????????# #?????????????? | | # """ #??????????????# #?????????????? | | # """ #??????????????# +?????????????? | | + """ #??????????????# ??????????????? | | # #??????????????# ??????????????? | | ## """ #??????????????# ??????????????? | | ?# """ #??????????????# ??????????????? | | ?# """ #??????????????+ ??????????????? | | ?# #??????????????# H ??????????????? | | ?#######??????????????# ??????????????? | | ???????????????????????###??????????????? | | ????????????????????????????????????????? | | ????????????????????????????????????????? | | ????????????????????????????????????????? | | ????????????????????????????????????????? | | ????????????????????????????????????????? | | | +----------------------------------------------------+ Best States ------------- Heat Dissipation 45 Energy Generation 14 Energy Capacity 265 Matter Stores 400 Matter Capacity 400 Sight Range 20 Robot Scan Range 20 Terrain Scan Density 10 Armor Coverage 225 Utility Shielding 33 Evasion (%) 40 Targeting Accuracy 6 Recoil Reduction 3 Offensive Hacking 10 Item Schematics ----------------- Imp. Propulsion Shielding | -8/Materials | Hacked Robot Schematics ------------------ None Fabricated ------------ Nothing Repaired ---------- Utility Shielding | 6% | -8/Materials Launcher Guidance Computer | 33% | -8/Materials Katana | 66% | -8/Materials Studied --------- None Alien Tech Used ----------------- None Achievements -------------- Slippery One Challenges ------------ None Game ------ Seed TechGravmagTorch Manual? 0 Play Time 01:14:22 Cumulative 21.9 hours Start 2026.04.12 @ 12:02:10 End 2026.04.12 @ 13:21:56 Sessions 1 Manual Loads 0 Difficulty Rogue Special Mode None Game No. 34 Rogue 34 Adventurer 0 Explorer 0 Win Type - Total 0 Types 0/0/0/0/0/0/0/0/0/0 Lore% 12 Gallery% 20 Achievement% 19 Wizard Run 0 Options --------- Layout 1 ASCII 0 Keyboard 0 Movement Mouse Keybinds 0 Fullscreen 1 Font 32/SmallcapsGlow Map View 50x35 Zoom Use 0% Tactical HUD 1 Map Filters NONE Filters NONE Steam 1 RUN: 8688884d-7140-4b68-8bcc-bab1ea3a90b6